 Dungeon Crawl Stone Soup version 0.30-a0-462-gd5975efbca (webtiles) character file.

Game seed: 12234438246951091296

30 cforsyth the Grasshopper (level 3, 0/31 HPs)
             Began as an Armataur Warper on Dec 17, 2022.
             Succumbed to an adder's poison
             ... on level 2 of the Dungeon.
             The game lasted 00:01:44 (890 turns).

cforsyth the Grasshopper (Armataur Warper)           Turns: 890, Time: 00:01:45

Health: 0/31       AC:  4    Str: 16    XL:     3   Next: 3%
Magic:  6/6        EV:  9    Int: 15    God:
Gold:   49         SH:  0    Dex:  9    Spells: 6/6 levels left

rFire   . . .      SeeInvis .    a - +0 falchion
rCold   . . .      Faith    .    (no shield)
rNeg    . . .      Spirit   .    b - +0 leather armour
rPois   .          Reflect  .    (helmet restricted)
rElec   .          Harm     .    (no cloak)
rCorr   .          Roll     +    (no gloves)
Will    .....                    (no barding)
Stlth   +.........               (no amulet)
HPRegen 0.25/turn                (no ring)
MPRegen 0.10/turn                (no ring)

@: lethally poisoned (0 -> -6), attractive
A: large, rugged brown scales 3, deformed body, armoured tail, roll, long
tongue, awkward tongue, claws 1, hooves 1, horns 1, stinger 1, sense
surroundings 1
a: no special abilities


You were on level 2 of the Dungeon.
You visited 1 branch of the dungeon, and saw 2 of its levels.

You collected 49 gold pieces.

Inventory:

Hand Weapons
 a - a +0 falchion (weapon)
Armour
 b - a +0 leather armour (worn)
Jewellery
 h - a ring of wizardry
Scrolls
 c - a scroll of blinking
 d - a scroll of enchant armour {unknown}
 e - 3 scrolls of identify {unknown}
 f - a scroll of poison {unknown}
 j - a scroll of teleportation {unknown}


   Skills:
 + Level 2.1 Fighting
 - Level 1.7 Long Blades
 + Level 1.3 Throwing
 + Level 1.9 Armour
 - Level 1.3 Dodging
 + Level 2.0 Spellcasting
 + Level 3.2 Translocations


You had 6 spell levels left.
You didn't know any spells.
Your spell library contained the following spells:

 Spells                   Type           Power      Damage    Failure   Level
 Blink                    Tloc           22%        N/A       11%         2
 Lesser Beckoning         Tloc           22%        N/A       22%         3
 Teleport Other           Tloc           11%        N/A       22%         3
 Vhi's Electric Charge    Tloc/Air       12%        N/A       38%         3
 Manifold Assault         Tloc           11%        N/A       56%         4


Dungeon Overview and Level Annotations

Branches:
Dungeon (2/15)

Altars:


Innate Abilities, Weirdness & Mutations

You are completely covered in rugged brown scales. (AC +3, +7% HP)
Armour fits poorly on your strangely shaped body.
You have a long armoured tail.
You roll when moving toward enemies. (Rampage)
Your long tongue fully drains potion bottles. (2x potion effects)
Your tongue gives you trouble enunciating. (1.5x scroll delay)
You have sharp fingernails.
You have large cloven feet.
You have a pair of small horns on your head.
Your tail ends in a venomous barb.
You passively map a small area around you.


Message History

The adder is almost dead.
The adder closely misses you. x2
Unknown command.
Unknown command.
Unknown command.
You hit the adder but do no damage.
The adder is almost dead.
The adder bites you but does no damage.
You closely miss the adder.
The adder is almost dead.
The adder bites you.
* * * LOW HITPOINT WARNING * * *
The adder completely misses you.
Unknown command.
You miss the adder.
The adder is almost dead.
The adder bites you but does no damage.
Unknown command.
Unknown command.
You slurp down every last drop of the viscous cyan potion!
It was a potion of attraction.
You feel attractive to monsters.
The adder bites you but does no damage. x2
You slurp down every last drop of the lumpy grey potion!
It was a potion of mutation.
You feel extremely strange.
Your fingernails lengthen.
A pair of horns grows on your head!
Your feet thicken and deform.
You feel less in control of your magic.
A venomous barb forms on the end of your tail.
You regain control of your magic.
You feel a strange attunement to the structure of the dungeons.
The adder bites you.
* * * LOW HITPOINT WARNING * * *
You are lethally poisoned!
The adder poisons you!
Unknown command.
Unknown command.
You barely miss the adder. Your kick misses the adder.
Your headbutt misses the adder.
The adder is almost dead.
You die...

###.######... #.# ####
#.# #.# * ###
####.####### #...
##........... * .....
* #............
......####..##.##...##
#....@SgS.....#..## ,
......####.........# ,
..... #..#...#....
#... #.........#.. ,
#.. #.###.###.# . ##,
#.. .... .# ### #+.#
.. * .. * , ..#


You could see an adder, a goblin and a ball python.

Vanquished Creatures
  A dart slug (D:1)
  2 bats
  2 endoplasms (D:2)
  3 hobgoblins
  4 jackals
  A quokka (D:2)
  3 ball pythons (D:1)
  3 frilled lizards (D:1)
  A goblin (D:2)
  4 kobolds
  2 rats
26 creatures vanquished.

Notes
Turn   | Place    | Note
-------+----------+-------------------------------------------
     0 | D:1      | cforsyth the Armataur Warper began the quest for the Orb.
     0 | D:1      | Reached XP level 1. HP: 18/18 MP: 3/3
    25 | D:1      | Reached skill level 1 in Throwing
   140 | D:1      | Reached XP level 2. HP: 23/25 MP: 4/4
   787 | D:2      | Reached XP level 3. HP: 31/31 MP: 6/6
   889 | D:2      | Gained mutation: You have sharp fingernails. [potion of
                  | mutation]
   889 | D:2      | Gained mutation: You have a pair of small horns on your
                  | head. [potion of mutation]
   889 | D:2      | Gained mutation: You have large cloven feet. [potion of
                  | mutation]
   889 | D:2      | Gained mutation: Your spells are a little harder to cast,
                  | but a little more powerful. [potion of mutation]
   889 | D:2      | Gained mutation: Your tail ends in a venomous barb. [potion
                  | of mutation]
   889 | D:2      | Lost mutation: Your spells are a little harder to cast, but
                  | a little more powerful. [potion of mutation]
   889 | D:2      | Gained mutation: You passively map a small area around you.
                  | [potion of mutation]
   890 | D:2      | Succumbed to an adder's poison

Illustrated notes

Levels and vault maps discovered:
D:1:      scummos_arrival_simple_fountains, layout_basic
D:2:      layout_loops_corners, basic_altar, minmay_box_of_dots

Skill      XL: |  1  2 |
---------------+-------+-----
Throwing       | 1 |  1.3
Fighting       | 2 |  2.1
Spellcasting   | 2 |  2.0
Long Blades    | |  1.7
Armour         | |  1.9
Dodging        | |  1.3
Translocations | |  3.2

Action                   || total
-------------------------++-------
Melee: Falchion          ||    96
       Tailslap          ||     9
       Punch             ||     1
Throw: Boomerang         ||     7
  Use: Potion            ||     2
Armor: Leather armour    ||    50
Dodge: Dodged            ||    62

Table legend: (Time is in decaauts)
 A = Elapsed time spent in this place.
 B = Non-inter-level travel time spent in this place.
 C = Inter-level travel time spent in this place.
 D = Time resting spent in this place.
 E = Time spent auto-exploring this place.
 F = Levels seen in this place.
 G = Mean time per level.
                   A        B        C        D        E       F      G
               +--------+--------+--------+--------+--------+-----+--------+
         Total |    912 |    905 |      7 |      0 |    685 |   2 |  456.0 |
       Dungeon |    912 |    905 |      7 |      0 |    685 |   2 |  456.0 |
               +--------+--------+--------+--------+--------+-----+--------+

Top non-repeatable levels by time:
     D:1: 564 daAuts
     D:2: 348 daAuts
